 Dungeon Crawl Stone Soup version 0.27-a0-364-g31b3477d74 (webtiles) character file.

Game seed: 4791793688915114644

10923 Dani the Cleaver (level 11, 0/96 HPs)
             Began as a Naga Fighter on Feb 17, 2021.
             Was a High Priest of Okawaru.
             Slain by an eight-headed hydra (10 damage)
             ... on level 1 of the Lair of Beasts.
             The game lasted 00:22:11 (14548 turns).

Dani the Cleaver (Naga Fighter)                    Turns: 14548, Time: 00:22:12

Health: 0/96       AC: 21    Str: 24    XL:     11   Next: 69%
Magic:  0/14       EV: 11    Int: 12    God:    Okawaru [*****.]
Gold:   187        SH: 13    Dex: 15    Spells: 10/10 levels left

rFire    + + .     SeeInvis +   D - +3 flail
rCold    + . .     Faith    .   c - +1 kite shield
rNeg     . . .     Spirit   +   N - +4 chain mail of Objectivity {Str+2 Dex+2}
rPois    +         Reflect  .   x - +0 helmet
rElec    .         Harm     .   M - scarf {rC+ rF+}
rCorr    .         Rampage  .   R - +0 pair of gloves
Will     ++...                  (no barding)
Stlth    ..........             F - amulet "Miadiw" {Spirit rF+ Will+ Int+4 Dex+2}
HPRegen  0.26/turn              n - +4 ring of protection
MPRegen  0.14/turn              A - +4 ring of slaying

@: heroism, very slow
A: large, see invisible, deformed body, poison resistance, slowness 2, spit
poison 1, AC +3
a: Spit Poison, Renounce Religion, Heroism, Finesse


You were on level 1 of the Lair of Beasts.
You worshipped Okawaru.
Okawaru was extremely pleased with you.
You visited 3 branches of the dungeon, and saw 13 of its levels.
You also visited: Sewer.

You collected 912 gold pieces.
You spent 725 gold pieces at shops.

Inventory:

Hand Weapons
 a - a +1 war axe
 B - a +0 morningstar
 D - a +3 flail (weapon)
Missiles
 g - 28 poisoned darts
 y - 3 javelins
Armour
 c - a +1 kite shield (worn)
 x - a +0 helmet (worn)
 M - a scarf of resistance (worn)
 N - the +4 chain mail of Objectivity (worn) {Str+2 Dex+2}
   (You bought it in a shop on level 9 of the Dungeon)

   It affects your strength (+2).
   It affects your dexterity (+2).
 R - a +0 pair of gloves (worn)
Jewellery
 j - a ring of wizardry
 l - a +6 ring of strength
 m - an amulet of magic regeneration
 n - a +4 ring of protection (left hand)
 u - a ring of protection from cold
 A - a +4 ring of slaying (right hand)
 F - the amulet "Miadiw" (around neck) {Spirit rF+ Will+ Int+4 Dex+2}
   (You found it on level 9 of the Dungeon)

   [amulet of guardian spirit]

   It causes incoming damage to be split between your health and magic.
   It affects your intelligence (+4).
   It affects your dexterity (+2).
   It protects you from fire.
   It affects your willpower, your defense against some magical effects.
 G - a ring of fire
 I - an amulet of regeneration {unknown}
Wands
 p - a wand of digging (2)
 z - a wand of acid (11)
 J - a wand of iceblast (10)
 O - a wand of mindburst (7)
 P - a wand of polymorph (8)
 Q - a wand of charming (5)
Scrolls
 b - a scroll of immolation
 o - 7 scrolls of identify
 C - 3 scrolls of teleportation
 E - 2 scrolls of magic mapping
 H - a scroll of fog
 K - 2 scrolls of enchant armour
 L - 2 scrolls of enchant weapon
 S - a scroll of noise {unknown}
Potions
 d - 3 potions of might
 e - 5 potions of flight
 f - a potion of cancellation
 h - 3 potions of attraction
 i - a potion of ambrosia
 k - 4 potions of invisibility
 q - 2 potions of haste
 r - 6 potions of lignification
 s - 6 potions of brilliance
 t - a potion of mutation {unknown}
 v - 3 potions of heal wounds
 w - 5 potions of curing


   Skills:
 + Level 5.4(10.4) Fighting
 * Level 14.2(19.2) Axes
 + Level 4.4(9.4) Armour
 + Level 3.6(8.6) Dodging
 - Level 1.1(6.1) Stealth
 + Level 4.4(9.4) Shields
 - Level 4.0 Invocations
 - Level 4.0 Evocations


You had 10 spell levels left.
You didn't know any spells.
Your spell library contained the following spells:

 Spells                   Type           Power        Failure   Level
 Animate Skeleton         Necr           0%           87%         1
 Apportation              Tloc           0%           87%         1
 Corona                   Hex            0%           87%         1
 Summon Small Mammal      Summ           0%           87%         1
 Ignite Poison            Fire/Tmut/Pois 0%           99%         3
 Fireball                 Conj/Fire      0%           100%        5
 Starburst                Conj/Fire      0%           100%        6
 Ignition                 Fire           0%           100%        8


Dungeon Overview and Level Annotations

Branches:
Dungeon (11/15)            Temple (1/1) D:6            Lair (1/6) D:10
    Orc (0/2) D:10          Sewer (visited)

Altars:
Ashenzari
Cheibriados
Dithmenos
Elyvilon
Fedhas
Gozag
Hepliaklqana
Kikubaaqudgha
Makhleb
Nemelex Xobeh
Okawaru
Qazlal
Ru
Sif Muna
Trog
Uskayaw
Vehumet
Wu Jian
Xom
Yredelemnul
Zin
The Shining One

Shops:
D:9 [

Annotations:
D:2 1 runed translucent door
D:4 2 transporters, Lanoc's ghost, amateur DrHu


Innate Abilities, Weirdness & Mutations

You cannot wear boots.
Your serpentine skin is tough. (AC +3)
You have supernaturally acute eyesight. (SInv)
Armour fits poorly on your strangely shaped body.
Your system is resistant to poisons. (rPois)
You cover ground very slowly.
You can spit poison.


Message History

The eight-headed hydra bites you but does no damage. x3
Unknown command.
You hit the eight-headed hydra.
The eight-headed hydra is heavily wounded.
Unknown command.
You hit the eight-headed hydra.
The eight-headed hydra is heavily wounded.
You block the eight-headed hydra's attack.
The eight-headed hydra bites you. x2
The eight-headed hydra closely misses you.
You block the eight-headed hydra's attack.
The eight-headed hydra barely misses you.
The eight-headed hydra bites you.
The eight-headed hydra barely misses you.
You sock the eight-headed hydra!
The eight-headed hydra is heavily wounded.
The eight-headed hydra closely misses you.
The eight-headed hydra misses you.
The eight-headed hydra bites you but does no damage.
The eight-headed hydra bites you!
* * * LOW HITPOINT WARNING * * *
The eight-headed hydra bites you but does no damage.
The eight-headed hydra bites you.
* * * LOW HITPOINT WARNING * * *
The eight-headed hydra bites you!
* * * LOW HITPOINT WARNING * * *
You block the eight-headed hydra's attack.
You sock the eight-headed hydra!
The eight-headed hydra is severely wounded.
Unknown command.
Aiming: Corrosive Bolt
Press: ? - help, Shift-Dir - straight line, f/p - eight-headed hydra
Aim: an eight-headed hydra (severely wounded, 9% to evade)
The bolt of acid misses the eight-headed hydra.
The eight-headed hydra bites you!
* * * LOW HITPOINT WARNING * * *
The eight-headed hydra bites you.
* * * LOW HITPOINT WARNING * * *
The eight-headed hydra bites you!
You die...

#.# #.# ### ### #.#
##P###P# ##.# .......#
#..# .......# #P.##
.......# ##...###.##
...^.(.# ####..@D......
.......####....#.###P###
.......'....####.#
.......##P### ..#
.......#### .## ##.#.+##
#. ##.#..# #. ##...# #.
###.P###


You could see an eight-headed hydra.

Vanquished Creatures
  A two-headed ogre (D:7)
  Pikel (D:7)
  A gargoyle (D:10)
  3 trolls
  2 hornets
  12 yaks
  A shadow (D:11)
  A vampire (D:11)
  A wraith (D:11)
  A basilisk (D:11)
  Menkaure (D:6)
  A steam dragon (D:10)
  2 wargs (D:10)
  2 water moccasins
  7 orc warriors
  5 sky beasts
  An ice beast (D:7)
  2 ogres
  A centaur (D:9)
  2 kobold brigands (Sewer)
  2 phantoms
  5 bullfrogs
  Blork the orc (D:5)
  6 scorpions
  9 killer bees
  11 wights
  6 howler monkeys
  5 jellies
  A bullfrog skeleton (D:10)
  A human zombie (D:2)
  17 orc priests
  2 hounds
  A centaur skeleton (D:10)
  3 iguanas
  13 orc wizards
  8 worker ants
  2 hound zombies
  2 hound skeletons
  4 gnolls (D:5)
  A howler monkey skeleton (D:7)
  A worker ant zombie (D:8)
  18 adders
  9 river rats
  2 shadow imps
  4 white imps
  An ufetubus (D:9)
  3 oozes
  An adder skeleton (D:8)
  7 worms
  6 leopard geckos
  50 orcs
  11 giant cockroaches
  7 goblins
  14 hobgoblins
  6 jackals
  5 quokkas
  9 ball pythons
  9 bats
  11 frilled lizards
  A jackal skeleton (D:4)
  20 kobolds
  A kobold skeleton (D:2)
  23 rats
367 creatures vanquished.

Vanquished Creatures (others)
  20 fungi
  20 plants
  4 toadstools (D:6)
44 creatures vanquished.

Grand Total: 411 creatures vanquished

Notes
Turn   | Place    | Note
-------+----------+-------------------------------------------
     0 | D:1      | Dani the Naga Fighter began the quest for the Orb.
     0 | D:1      | Reached XP level 1. HP: 21/21 MP: 1/1
   331 | D:1      | Reached XP level 2. HP: 28/28 MP: 2/2
   375 | D:1      | Reached skill level 3 in Axes
   862 | D:1      | Reached XP level 3. HP: 34/34 MP: 3/3
  1527 | D:2      | Found a white marble altar of Elyvilon.
  1527 | D:2      | Found a shimmering blue altar of Sif Muna.
  1527 | D:2      | Found an ancient bone altar of Kikubaaqudgha.
  1871 | D:2      | Reached skill level 4 in Axes
  1871 | D:2      | Reached XP level 4. HP: 38/42 MP: 4/4
  2125 | D:2      | Noticed a human
  2126 | D:2      | Found a runed translucent door.
  2139 | D:2      | Reached skill level 5 in Axes
  2212 | D:2      | Found a basalt altar of Yredelemnul.
  2266 | D:2      | Reached XP level 5. HP: 45/49 MP: 5/5
  3526 | D:4      | Reached skill level 6 in Axes
  3526 | D:4      | Reached XP level 6. HP: 17/56 MP: 6/6
  3937 | D:4      | Reached skill level 7 in Axes
  4039 | D:4      | Found a transporter.
  4049 | D:4      | Found a transporter.
  4049 | D:4      | Noticed Lanoc's ghost (amateur DrHu)
  4316 | D:5      | Entered Level 5 of the Dungeon
  4323 | D:5      | Reached XP level 7. HP: 58/62 MP: 7/7
  4427 | D:5      | Got a transparent leather armour
  4438 | D:5      | Identified the +1 leather armour "Kaaw" {+Fly rN+++ Will-
                  | Int-3} (You found it on level 5 of the Dungeon)
  4618 | D:5      | Found a glowing drain.
  4732 | Sewer    | Entered a sewer
  4974 | Sewer    | Reached skill level 8 in Axes
  5670 | D:5      | Reached skill level 9 in Axes
  5670 | D:5      | Reached XP level 8. HP: 61/69 MP: 8/8
  5991 | D:5      | Noticed Blork the orc
  5994 | D:5      | Killed Blork the orc
  6652 | D:5      | Reached skill level 10 in Axes
  6897 | D:6      | Noticed Menkaure
  6902 | D:6      | Killed Menkaure
  7072 | D:6      | Found a staircase to the Ecumenical Temple.
  7093 | Temple   | Entered the Ecumenical Temple
  7151 | Temple   | Became a worshipper of Warmaster Okawaru
  7199 | D:6      | Found a radiant altar of Vehumet.
  7490 | D:6      | Reached skill level 11 in Axes
  7495 | D:6      | Reached XP level 9. HP: 46/75 MP: 9/9
  8180 | D:7      | Reached * piety under Okawaru
  8185 | D:7      | Noticed a two-headed ogre
  8194 | D:7      | Killed a two-headed ogre
  8195 | D:7      | Reached skill level 12 in Axes
  8365 | D:7      | Found a glowing golden altar of the Shining One.
  8575 | D:7      | Reached skill level 1 in Stealth
  8753 | D:7      | Reached ** piety under Okawaru
  8902 | D:7      | Reached skill level 13 in Axes
  8989 | D:7      | Reached skill level 1 in Invocations
  8989 | D:7      | Reached skill level 1 in Evocations
  8989 | D:7      | Reached XP level 10. HP: 82/84 MP: 10/10
  9032 | D:7      | Noticed Pikel
  9053 | D:7      | Killed Pikel
  9054 | D:7      | Reached skill level 1 in Dodging
 10394 | D:8      | Reached *** piety under Okawaru
 10733 | D:8      | Found a hide-covered altar of Uskayaw.
 11340 | D:9      | Reached **** piety under Okawaru
 11344 | D:9      | Got a faintly glowing ivory amulet
 11352 | D:9      | Found Goifueni's Antique Armour Shop.
 11365 | D:9      | Bought an embroidered scarf for 264 gold pieces
 11365 | D:9      | Bought a brightly glowing chain mail for 313 gold pieces
 11375 | D:9      | Identified the +4 chain mail of Objectivity {Str+2 Dex+2}
                  | (You bought it in a shop on level 9 of the Dungeon)
 11754 | D:10     | Entered Level 10 of the Dungeon
 11957 | D:10     | Reached XP level 11. HP: 93/93 MP: 13/13
 11975 | D:10     | Identified the amulet "Miadiw" {Spirit rF+ Will+ Int+4
                  | Dex+2} (You found it on level 9 of the Dungeon)
 12039 | D:9      | Bought a pair of gloves for 148 gold pieces
 12192 | D:10     | Identified the +0 leather armour of Iskireojo {rF+ Str+3
                  | Dex-5}
 12373 | D:10     | Reached ***** piety under Okawaru
 12548 | D:10     | Found a staircase to the Lair.
 12924 | D:10     | Reached skill level 5 in Fighting
 13101 | D:10     | Found a staircase to the Orcish Mines.
 13269 | D:11     | Reached skill level 14 in Axes
 13758 | D:11     | Found a shadowy altar of Dithmenos.
 14098 | D:11     | Paralysed by a hornet for 2 turns
 14476 | Lair:1   | Entered Level 1 of the Lair of Beasts
 14534 | Lair:1   | Noticed an eight-headed hydra
 14548 | Lair:1   | Slain by an eight-headed hydra

Illustrated notes

Levels and vault maps discovered:
D:1:      minmay_arrival_four_houses, layout_loops_cross, serial_aquarium,
          aquarium_bridge_long_joined [aquarium_subvault_bridge,
          aquarium_subvault_bridge, aquarium_subvault_bridge,
          aquarium_subvault_wall, aquarium_subvault_wall,
          aquarium_subvault_wall], aquarium_bridge_island_small
          [aquarium_subvault_small_open, aquarium_subvault_wall,
          aquarium_subvault_window, aquarium_subvault_bridge,
          aquarium_subvault_bridge], aquarium_window_fake, aquarium_window_1,
          aquarium_view_4, aquarium_view_2a
D:2:      layout_rooms, gammafunk_temple_overflow_forgotten,
          serial_bayou_pond_c, minmay_misc_feat_four_crosses,
          skrybe_limestone_x, dk_yredelemnul_ordeal
D:3:      kb_forest_paths, layout_loops_ring, st_stairs_1
D:4:      layout_rooms, gammafunk_ghost_arena, minmay_between
D:5:      layout_basic, portal_sewer_entry_c, lemuel_flame_loot_1,
          uniq_blork_the_orc
D:6:      layout_loops_corners, vehumet_crystals,
          minmay_temple_entry_nine_rooms, minmay_gold_behind_fungi,
          uniq_menkaure
D:7:      layout_loops_ring, nicolae_tso_swordbearing_angel, uniq_pikel
D:8:      layout_cave_pools, kennysheep_mini
D:9:      layout_rooms, serial_shops, shop_statue
D:10:     layout_loops_cross, grunt_lair_entry_orc_guard_hut,
          minmay_orc_entry_guard_dogs
D:11:     layout_irregular_city, nicolae_dithmenos_the_darkroom
Temple:   nicolae_temple_x_marks_the_god
Lair:1:   layout_roguey, special_room [special_room_bee],
          minmay_stone_trees_medium, uniq_joseph

Skill      XL: |  1  2  3  4  5  6  7  8  9 10 11 |
---------------+----------------------------------+-----
Axes           | 3 4 5 6 7 9 11 13 14 | 14.2
Stealth        | 1 |  1.1
Invocations    | 1 3 4 |  4.0
Evocations     | 1 3 4 |  4.0
Dodging        | 2 3 |  3.6
Shields        | 3 4 |  4.4
Armour         | 3 4 |  4.4
Fighting       | 4 5 |  5.4

Action                   |  1- 3 |  4- 6 |  7- 9 | 10-12 || total
-------------------------+-------+-------+-------+-------++-------
Melee: War axe           |   113 |   228 |   381 |   464 ||  1186
       Flail             |       |       |       |     8 ||     8
Invok: Heroism           |       |       |       |     1 ||     1
 Abil: Spit Poison       |       |       |     1 |     1 ||     2
Evoke: Wand              |       |       |     5 |     5 ||    10
  Use: Scroll            |       |    11 |     6 |     3 ||    20
       Potion            |       |       |     1 |       ||     1
Armor: Scale mail        |    47 |    88 |   158 |   101 ||   394
       Chain mail        |       |       |       |   130 ||   130
Dodge: Dodged            |    30 |    58 |    76 |   103 ||   267
Block: Kite shield       |    59 |   128 |   225 |   279 ||   691

Table legend: (Time is in decaauts)
 A = Elapsed time spent in this place.
 B = Non-inter-level travel time spent in this place.
 C = Inter-level travel time spent in this place.
 D = Time resting spent in this place.
 E = Time spent auto-exploring this place.
 F = Levels seen in this place.
 G = Mean time per level.
                   A        B        C        D        E       F      G
               +--------+--------+--------+--------+--------+-----+--------+
         Total |  17725 |  17082 |    643 |   1474 |  12600 |  14 | 1266.1 |
       Dungeon |  16673 |  16044 |    629 |   1346 |  11988 |  11 | 1515.7 |
        Temple |     84 |     70 |     14 |      0 |     68 |   1 |   84.0 |
          Lair |     91 |     91 |      0 |      0 |     77 |   1 |   91.0 |
         Sewer |    876 |    876 |      0 |    128 |    467 |   1 |  876.0 |
               +--------+--------+--------+--------+--------+-----+--------+

Top non-repeatable levels by time:
     D:7: 2290 daAuts
     D:5: 2153 daAuts
     D:1: 1695 daAuts
    D:10: 1659 daAuts
     D:6: 1619 daAuts
    D:11: 1510 daAuts
     D:2: 1358 daAuts
     D:4: 1252 daAuts
     D:8: 1227 daAuts
     D:3: 1045 daAuts
   Sewer: 876 daAuts
     D:9: 861 daAuts
  Lair:1: 91 daAuts
  Temple: 84 daAuts
